 Dungeon Sprint DCSS version 0.26-a0-317-ge2f3d4a7ca (webtiles) character file.

Game seed: 8009684150199413387

1050 BreadTh the Cleaver (level 8, -1/124 HPs)
             Began as a Minotaur Berserker on July 16, 2020.
             Was a Priest of Trog.
             Slain by a demonic crawler (11 damage)
             ... in the Dungeon (Sprint I: "Red Sonja").
             The game lasted 00:02:06 (311 turns).

BreadTh the Cleaver (Minotaur Berserker)             Turns: 311, Time: 00:02:07

Health: -1/124     AC:  3    Str: 23    XL:     8   Next: 5%
Magic:  7/7        EV: 15    Int:  4    God:    Trog [***...]
Gold:   216        SH:  0    Dex: 11    Spells: 7/7 levels left

rFire    . . .     SeeInvis .   a - +0 hand axe
rCold    + . .     Faith    .   (no shield)
rNeg     . . .     Spirit   .   i - +0 leather armour {rC+}
rPois    .         Reflect  .   (helmet restricted)
rElec    .         Harm     .   (no cloak)
rCorr    .         NoTele   +   (no gloves)
MR       ++...                  (no boots)
Stlth    ..........             (no amulet)
HPRegen  1.30/turn              (no ring)
MPRegen  0.10/turn              (no ring)

@: berserking, regenerating, very quick
A: retaliatory headbutt, horns 2
a: Berserk, Trog's Hand, Renounce Religion


You were in the Dungeon.
You worshipped Trog.
Trog was most pleased with you.
You visited 1 branch You collected 216 gold pieces.

Inventory:

Hand Weapons
 a - a +0 hand axe (weapon)
Armour
 i - a +0 leather armour of cold resistance (worn)
Scrolls
 h - a scroll of blinking
Potions
 c - a potion of curing
 d - a potion of heal wounds
 e - a potion of haste
 f - 2 potions of magic
 g - a potion of berserk rage


   Skills:
 + Level 12.1 Fighting
 + Level 14.1 Axes
 + Level 7.2 Armour
 + Level 7.1 Dodging


You had 7 spell levels left.
You didn't know any spells.
Your spell library was empty.

Dungeon Overview and Level Annotations

Branches:
Dungeon (1/1)

Altars:
Makhleb
Xom
Jiyva
Lugonu


Innate Abilities, Weirdness & Mutations

You reflexively headbutt those who attack you in melee.
You have a pair of horns on your head.


Message History

The demonic crawler hits you!
* * * LOW HITPOINT WARNING * * *
The demonic crawler hits you.
* * * LOW HITPOINT WARNING * * *
The demonic crawler hits you.
* * * LOW HITPOINT WARNING * * *
The demonic crawler closely misses you. You furiously retaliate!
You headbutt the demonic crawler. The demonic crawler barely misses you.
The demonic crawler hits you!
* * * LOW HITPOINT WARNING * * *
You slash the demonic crawler! You headbutt the demonic crawler.
The demonic crawler is almost dead.
You hit the demonic crawler. You hit the demonic crawler.
The demonic crawler is almost dead.
You hit the demonic crawler but do no damage.
The demonic crawler hits you.
* * * LOW HITPOINT WARNING * * *
The demonic crawler hits you!
You die...

######################
..)..#..'..#__#.@ss..#
..#..').#..'^.'.s#s..##+#
####+#####+#__####...'..#
#### #####..+ ##


You could see 4 demonic crawlers.

Vanquished Creatures
  2 kobold demonologists (D)
  A slime creature (D)
  Sigmund (D)
  A floating eye (D)
  An ogre (D)
  Ijyb (D)
7 creatures vanquished.

Notes
Turn   | Place    | Note
-------+----------+-------------------------------------------
     0 | D        | BreadTh the Minotaur Berserker began the quest for the Orb.
     0 | D        | Reached XP level 1. HP: 19/19 MP: 0/0
     1 | D        | Noticed Ijyb
    17 | D        | Killed Ijyb
    17 | D        | Reached skill level 5 in Fighting
    17 | D        | Reached skill level 5 in Axes
    17 | D        | Reached XP level 2. HP: 18/29 MP: 1/1
   135 | D        | Noticed an ogre
   139 | D        | Killed an ogre
   139 | D        | Reached skill level 8 in Axes
   139 | D        | Reached XP level 3. HP: 39/39 MP: 2/2
   139 | D        | Reached XP level 4. HP: 47/47 MP: 3/3
   177 | D        | Noticed Sigmund
   185 | D        | Killed Sigmund
   185 | D        | Reached ** piety under Trog
   185 | D        | Reached skill level 10 in Axes
   185 | D        | Reached skill level 5 in Armour
   185 | D        | Reached skill level 5 in Dodging
   185 | D        | Reached XP level 5. HP: 47/57 MP: 4/4
   185 | D        | Reached XP level 6. HP: 52/63 MP: 5/5
   249 | D        | Found a burning altar of Makhleb.
   249 | D        | Found a viscous altar of Jiyva.
   249 | D        | Found a shimmering altar of Xom.
   249 | D        | Found a corrupted altar of Lugonu.
   249 | D        | Noticed a slime creature
   259 | D        | Killed a slime creature
   259 | D        | Reached skill level 10 in Fighting
   259 | D        | Reached skill level 11 in Axes
   277 | D        | Noticed a kobold demonologist
   277 | D        | Noticed a floating eye
   277 | D        | Noticed a kobold demonologist
   279 | D        | Paralysed by a floating eye for 2 turns
   282 | D        | Killed a floating eye
   282 | D        | Reached skill level 12 in Axes
   282 | D        | Reached XP level 7. HP: 73/73 MP: 6/6
   287 | D        | Killed a kobold demonologist
   287 | D        | Reached *** piety under Trog
   287 | D        | Reached skill level 13 in Axes
   292 | D        | Killed a kobold demonologist
   292 | D        | Reached skill level 14 in Axes
   292 | D        | Reached XP level 8. HP: 83/83 MP: 7/7
   298 | D        | Noticed a demonic crawler
   298 | D        | Noticed a demonic crawler
   298 | D        | Noticed a demonic crawler
   298 | D        | Noticed a demonic crawler
   311 | D        | Slain by a demonic crawler

Illustrated notes

Levels and vault maps discovered:
D:        dungeon_sprint_1 [red_sonja_temple_1, red_sonja_temple_small_1]

Skill      XL: |  1  2  3  4  5  6  7 |
---------------+----------------------+-----
Fighting       | 5 7 9 10 12 | 12.1
Axes           | 5 8 10 12 14 | 14.1
Armour         | 3 4 5 6 7 |  7.2
Dodging        | 3 4 5 6 7 |  7.1

Action                   |  1- 3 |  4- 6 |  7- 9 || total
-------------------------+-------+-------+-------++-------
Melee: Hand axe          |    17 |    17 |    17 ||    51
       Headbutt          |       |     7 |     4 ||    11
Invok: Berserk           |     1 |       |     1 ||     2
       Trog's Hand       |       |       |     1 ||     1
Armor: Animal skin       |     2 |       |       ||     2
       Leather armour    |       |     1 |     4 ||     5
Dodge: Dodged            |    10 |     7 |    16 ||    33

Table legend:
 A = Non-vault XP
 B = Vault XP
 C = Vault XP percentage of total XP
 D = Non-vault monster count
 E = Vault monster count
 F = Vault count percentage of total count
                 A         B        C        D         E       F
            +---------+---------+-------+---------+---------+-------
      Total |       0 |    1500 | 100.0 |       0 |       7 | 100.0
            +---------+---------+-------+---------+---------+-------
          D |       0 |    1500 | 100.0 |       0 |       7 | 100.0
            +---------+---------+-------+---------+---------+-------
